 Dungeon Crawl Stone Soup version 0.31.0-32-g396128a36d (webtiles) character file.

Game seed: 15475188243678521488

90 H0rd4k the Insei (level 4, -9/28 (29) HPs)
             Began as an Octopode Artificer on Mar 19, 2024.
             Mangled by a wight
             ... wielding a +0 scimitar
              (15 damage)
             ... on level 3 of the Dungeon.
             The game lasted 00:02:08 (1602 turns).

H0rd4k the Insei (Octopode Artificer)               Turns: 1602, Time: 00:02:08

HP:   -9/28 (29)    AC:  1    Str: 11    XL:     4   Next: 56%
MP:   4/4           EV: 13    Int: 15    God:
Gold: 95            SH:  0    Dex: 12    Spells: 3/3 levels left

rFire   . .          .
                       - Unarmed
rCold   . . .        (no shield)
rNeg    . . .        (helmet restricted)
rPois   .            (no amulet)
rElec   .            (no ring)
rCorr   .            (no ring)
SInv    .            (no ring)
Will    .....        (no ring)
Stlth   +++          (no ring)
HPRegen 0.24/turn    (no ring)
MPRegen 0.09/turn    (no ring)
                     (no ring)

%: no passive effects
@: lightly drained
A: almost no armour, amphibious, 8 rings, camouflage 1, gelatinous body 1,
(nimble swimmer 1), tentacles
a: no special abilities


You were on level 3 of the Dungeon.
You visited 1 branch of the dungeon, and saw 3 of its levels.

You collected 95 gold pieces.

Inventory:

Missiles
 f - 2 poisoned darts
 h - 5 datura-tipped darts
Wands
 b - a wand of flame (12) (quivered)
 c - a wand of charming (12)
 d - a wand of iceblast (4)
Scrolls
 e - 4 scrolls of identify {unknown}
 l - a scroll of fear {unknown}
 m - a scroll of teleportation {unknown}
 n - a scroll of vulnerability {unknown}
 o - a scroll of noise {unknown}
Potions
 a - a potion of lignification {unknown}
 g - a potion of haste {unknown}
 i - a potion of curing {unknown}
 j - a potion of magic {unknown}
 k - a potion of enlightenment {unknown}
 p - a potion of heal wounds {unknown}


   Skills:
 + Level 2.0 Fighting
 - Level 2.3 Dodging
 - Level 1.3 Stealth
 + Level 3.5 Unarmed Combat
 - Level 3.2 Evocations


You had 3 spell levels left.
You didn't know any spells.
Your spell library contained the following spells:

 Spells                   Type           Power      Damage    Failure   Level
 Kiss of Death            Conj/Necr      0%         2d5       26%         1
 Confusing Touch          Hex            0%         N/A       63%         3
 Dispel Undead            Necr           0%         3d6       95%         4


Dungeon Overview and Level Annotations

Branches:
Dungeon (3/15)

Altars:
Qazlal

Shops:
D:3 [

Annotations:
D:2 Crazy Yiuf


Innate Abilities, Weirdness & Mutations

You cannot wear most types of armour.
You are amphibious.
You can wear up to eight rings at the same time.
Your skin changes colour to match your surroundings (Stealth+).
Your rubbery body absorbs attacks. (AC +1, EV +1)
((You are camouflaged when in or above water. (Stealth+)))
You have tentacles for arms and can constrict up to eight enemies at once.


Message History

There are monsters nearby!
There are monsters nearby!
You release your grip on the wight.
The endoplasm attacks as it pursues you!
The endoplasm misses you.
The endoplasm jiggles.
The endoplasm attacks as it pursues you!
The endoplasm misses you.
The endoplasm attacks as it pursues you!
The endoplasm barely misses you.
The endoplasm attacks as it pursues you!
The endoplasm hits you.
The endoplasm attacks as it pursues you!
The endoplasm barely misses you.
You tentacle-slap the endoplasm.
The endoplasm is almost dead.
The endoplasm misses you.
You tentacle-slap the endoplasm.
You kill the endoplasm!
Your life force feels restored.
Aiming: Charm
Press: ? - help, Shift-Dir - straight line, f - wight
Aim: a wight, wielding a +0 scimitar and wearing a +0 robe (severely damaged, chance to affect: 57%)
The wight resists with significant effort.
The wight closely misses you.
Unknown command.
You tentacle-slap the wight but do no damage.
You grab the wight.
The wight is severely damaged.
You constrict the wight. The wight hits you with a +0 scimitar.
* * * LOW HITPOINT WARNING * * *
You feel drained.
Aiming: Charm
Press: ? - help, Shift-Dir - straight line, f/p - wight
Aim: a wight, wielding a +0 scimitar and wearing a +0 robe (almost destroyed, constricted by you, chance to affect: 57%)
The wight resists with significant effort.
You constrict the wight, but do no damage.
The wight hits you with a +0 scimitar!
Ouch! That really hurt!
You die...

.##...>...#...z.........
.............g.....#
.......#..######..##
##[...... #..# ....##.#
#..# #......# #z.##
..#.#### #z..# .#..#
#z#.# ...## ##@#.#
#...## #..#.# .....##
#.##.# ......# ##.#
......# #..# ......#
###.## .....## ###...#
.....#####...###
...........###


You could see 3 wights.

Vanquished Creatures
  A jelly (D:2)
  An adder (D:2)
  2 dart slugs
  A ribbon worm (D:2)
  A ball python (D:3)
  6 endoplasms
  A giant cockroach (D:1)
  A goblin (D:1)
  5 hobgoblins
  3 jackals (D:2)
  5 kobolds
  2 quokkas (D:2)
  5 bats
  3 frilled lizards (D:1)
  4 rats
41 creatures vanquished.

Vanquished Creatures (others)
  A frilled lizard (D:1)
1 creature vanquished.

Grand Total: 42 creatures vanquished

Notes
Turn   | Place    | Note
-------+----------+-------------------------------------------
     0 | D:1      | H0rd4k the Octopode Artificer began the quest for the Orb.
     0 | D:1      | Reached XP level 1. HP: 13/13 MP: 1/1
    68 | D:1      | Reached skill level 1 in Unarmed Combat
    68 | D:1      | Reached XP level 2. HP: 9/18 MP: 2/2
   400 | D:1      | Reached XP level 3. HP: 21/23 MP: 3/3
   676 | D:2      | Noticed Sigmund
   809 | D:2      | Found a stormy altar of Qazlal.
   902 | D:2      | Reached XP level 4. HP: 29/29 MP: 4/4
   988 | D:2      | Found a runed translucent door.
   989 | D:2      | Noticed Crazy Yiuf
  1473 | D:3      | Found Etivaxe's Armour Boutique.
  1602 | D:3      | Mangled by a wight

Illustrated notes

Levels and vault maps discovered:
D:1:      scummos_arrival_simple_fountains, layout_rooms
D:2:      layout_basic, basic_altar, uniq_crazy_yiuf_cottage, uniq_sigmund
D:3:      layout_rooms, serial_shops, shop, nicolae_shop_hallway_plus,
          uniq_terence

Skill      XL: |  1  2  3 |
---------------+----------+-----
Unarmed Combat | 1 2 3 |  3.5
Fighting       | 2 |  2.0
Dodging        | |  2.3
Stealth        | |  1.3
Evocations     | |  3.2

Action                     |  1- 3 |  4- 6 || total
---------------------------+-------+-------++-------
  Melee: Unarmed           |    72 |    19 ||    91
         Constrict         |    20 |     4 ||    24
         Tentacles         |    16 |     2 ||    18
         Punch             |     1 |       ||     1
  Evoke: Wand              |     5 |     2 ||     7
   Stab: Sleeping          |    10 |     1 ||    11
 Armour: Skin              |    39 |    12 ||    51
  Dodge: Dodged            |    63 |    19 ||    82
